[Event "January 2 Early 2024"]
[Site "https://www.chess.com"]
[Date "2024.01.02"]
[Round "8"]
[White "Monpeurt, Cyrielle"]
[Black "Cornelison, Paul"]
[Result "1-0"]
[Board "173"]
[TimeControl "180+1"]
[WhiteFideId "677400"]
[BlackFideId "2004186"]
[WhiteElo "2283"]
[BlackElo "1971"]
[WhiteTeam "FRA"]
[BlackTeam "USA"]
[WhiteClock "0:00:37"]
[BlackClock "0:00:08"]

1. Nf3 Nf6 2. b3 d6 3. Bb2 g6 4. e4 Bg7 5. d4 Bg4 6. Bd3 c6 7. O-O Nbd7 8. h3 Bxf3 9. Qxf3 Qc7 10. Re1 e5 11. dxe5 dxe5 12. Nd2 O-O 13. Nc4 Nh5 14. Rad1 b5 15. Ne3 Nc5 16. Bf1 Rad8 17. Ng4 Ne6 18. c4 Nd4 19. Bxd4 Rxd4 20. Rxd4 exd4 21. Bd3 Qf4 22. Qe2 b4 23. g3 Nxg3 24. fxg3 Qxg3+ 25. Kh1 Qxh3+ 26. Kg1 Qg3+ 27. Kh1 h5 28. Nh2 Be5 29. Rg1 Qh3 30. Rg2 Kg7 31. Qf1 Rh8 32. Rxg6+ fxg6 33. Qxh3 g5 34. Qe6 Bf6 35. e5 Bd8 36. Qg6+ Kf8 37. e6 Ke7 38. Qg7+ Kd6 39. Qxh8 g4 40. Qxd8+ 1-0

[Event "January 2 Early 2024"]
[Site "https://www.chess.com"]
[Date "2024.01.02"]
[Round "8"]
[White "Povshednyi, Ivan"]
[Black "Winkels, Marcel"]
[Result "1-0"]
[Board "174"]
[TimeControl "180+1"]
[WhiteFideId "14190907"]
[BlackFideId "1003887"]
[WhiteElo "2570"]
[BlackElo "2016"]
[WhiteTeam "UKR"]
[BlackTeam "NED"]
[WhiteClock "0:01:34"]
[BlackClock "0:00:00"]

1. Nf3 d5 2. g3 c6 3. c4 Nf6 4. Bg2 Bg4 5. Ne5 Bf5 6. cxd5 cxd5 7. Qa4+ Nc6 8. Nxc6 Qd7 9. O-O bxc6 10. b3 g6 11. Nc3 Bg7 12. Qa5 O-O 13. Ba3 Ne4 14. Nxe4 Bxe4 15. Rac1 Bxg2 16. Kxg2 Rfe8 17. Rc2 e5 18. Rfc1 Rac8 19. Qa4 Re6 20. Bc5 Rc7 21. d3 e4 22. Rd1 exd3 23. Rxd3 Re4 24. Qxe4 dxe4 25. Rxd7 Rxd7 26. Be3 Rd6 27. Bxa7 f5 28. Be3 Kf7 29. Rd2 Rxd2 30. Bxd2 Ke6 31. Kf1 Kd5 32. Ke1 Kd4 33. Kd1 c5 34. Kc2 Bf8 35. Bc3+ Kd5 36. a4 Bd6 37. Bf6 c4 38. Kc3 cxb3 39. Kxb3 Bc5 40. f3 exf3 41. exf3 h6 42. Kc3 Bg1 43. h3 Bh2 44. g4 fxg4 45. fxg4 h5 46. Kd3 hxg4 47. hxg4 Kc5 48. Bc3 Bc7 49. Ke4 Bd6 50. Be1 Bb8 51. a5 Kb5 52. Kd5 g5 53. Ke6 Bf4 54. Kf5 Bc1 55. Ke6 Be3 56. Kd7 Ka6 57. Kc6 Bf4 58. Bb4 Be3 59. Bc3 Bf4 60. Kd5 Be3 61. Bd4 Bf4 62. Bb6 Bd2 63. Ke6 Bf4 64. Kf5 Bd2 65. Bd8 1-0

[Event "January 2 Early 2024"]
[Site "https://www.chess.com"]
[Date "2024.01.02"]
[Round "8"]
[White "Yaniuk, Volodymyr"]
[Black "Sava, Christiansen-Danut-Eugen"]
[Result "1-0"]
[Board "175"]
[TimeControl "180+1"]
[WhiteFideId "14133083"]
[BlackFideId "1210114"]
[WhiteElo "2544"]
[BlackElo "2233"]
[WhiteTeam "UKR"]
[BlackTeam "ROU"]
[WhiteClock "0:01:55"]
[BlackClock "0:02:23"]

1. e4 e5 2. Nf3 Nf6 3. Nxe5 d6 4. Nf3 Nxe4 5. Nc3 Nxc3 6. dxc3 Be7 7. Bd3 O-O 8. Be3 Bg4 9. h3 Bxf3 10. Qxf3 c6 11. O-O-O Bg5 12. Bxh7+ Kxh7 13. Qf5+ g6 14. Qxg5 Qd7 15. Qh6+ Kg8 16. Bd4 f6 17. Qxg6+ Qg7 18. Qxg7+ Kxg7 19. g4 Nd7 20. f4 Kg8 21. Rde1 Rae8 22. Kd2 d5 23. h4 c5 24. Bf2 b6 25. Rxe8 Rxe8 26. Re1 Rxe1 27. Bxe1 Kf7 28. Bg3 Kg6 29. f5+ Kf7 30. g5 fxg5 31. hxg5 Nf8 32. Be5 Nd7 33. Bf4 Kg7 34. Kd3 a6 35. c4 d4 36. Ke4 Kf7 37. Be5 Nf8 38. g6+ Kg8 39. c3 dxc3 40. Bxc3 Nd7 41. Kd5 1-0

[Event "January 2 Early 2024"]
[Site "https://www.chess.com"]
[Date "2024.01.02"]
[Round "8"]
[White "Pesotskiy, Mikhail"]
[Black "Montano Vicente, Guadalupe"]
[Result "1-0"]
[Board "176"]
[TimeControl "180+1"]
[WhiteFideId "34164453"]
[BlackFideId "5181399"]
[WhiteElo "2488"]
[BlackElo "2180"]
[WhiteTeam "RUS"]
[BlackTeam "MEX"]
[WhiteClock "0:00:19"]
[BlackClock "0:00:09"]

1. d4 Nf6 2. c4 g6 3. Nc3 Bg7 4. e4 d6 5. f3 O-O 6. Be3 c5 7. dxc5 dxc5 8. Qxd8 Rxd8 9. Bxc5 Nc6 10. Nge2 Nd7 11. Be3 Nde5 12. Nf4 Nb4 13. Rc1 Bd7 14. a3 Nbc6 15. Be2 Na5 16. Nb1 Rdc8 17. Nd2 b5 18. c5 Nec4 19. Nxc4 bxc4 20. Nd5 Kf8 21. Bxc4 Bxb2 22. Rc2 Nxc4 23. Rxc4 Bxa3 24. Kf2 Bb2 25. Rb1 Be5 26. f4 Bg7 27. Rcc1 Bc6 28. Kf3 e6 29. Nb4 Ke8 30. Nxc6 Rxc6 31. Rb7 Bf8 32. Rd1 Rac8 33. Rdd7 Bxc5 34. Bxc5 Rxc5 35. Rxf7 Rc3+ 36. Kg4 Rc2 37. Rxh7 Rxg2+ 38. Kf3 Rgc2 39. Rh8# 1-0

[Event "January 2 Early 2024"]
[Site "https://www.chess.com"]
[Date "2024.01.02"]
[Round "8"]
[White "Von Buelow, Georg"]
[Black "Alimpic, Aleksa"]
[Result "0-1"]
[Board "177"]
[TimeControl "180+1"]
[WhiteFideId "4620658"]
[BlackFideId "974323"]
[WhiteElo "2176"]
[BlackElo "2482"]
[WhiteTeam "GER"]
[BlackTeam "SRB"]
[WhiteClock "0:00:00"]
[BlackClock "0:00:03"]

1. e4 c5 2. Nf3 d6 3. d4 cxd4 4. Nxd4 Nf6 5. Nc3 Nc6 6. Bg5 e6 7. Qd2 a6 8. O-O-O Bd7 9. f4 b5 10. Nf3 h6 11. Bxf6 gxf6 12. f5 Qb6 13. Kb1 O-O-O 14. Bd3 Kb8 15. Ne2 b4 16. fxe6 fxe6 17. Bc4 Ne5 18. Bb3 h5 19. Ned4 Bh6 20. Qe2 Rhe8 21. Rhf1 a5 22. Nh4 a4 23. Bc4 Rc8 24. Bb5 Bg5 25. Nhf3 Nxf3 26. gxf3 Bxb5 27. Nxb5 Bf4 28. Nd4 a3 29. b3 Ka7 30. c4 bxc3 31. Nc2 Qa6 32. Rd3 d5 33. exd5 exd5 34. Qd1 Bxh2 35. Rxd5 Rcd8 36. Rxd8 Rxd8 37. Qe2 Qxe2 38. Re1 Qxe1+ 0-1

[Event "January 2 Early 2024"]
[Site "https://www.chess.com"]
[Date "2024.01.02"]
[Round "8"]
[White "Kekic, Armin"]
[Black "Blanco Diez, David"]
[Result "1-0"]
[Board "178"]
[TimeControl "180+1"]
[WhiteFideId "14401274"]
[BlackFideId "32032927"]
[WhiteElo "2285"]
[BlackElo "2414"]
[WhiteTeam "BIH"]
[BlackTeam "ESP"]
[WhiteClock "0:00:41"]
[BlackClock "0:00:00"]

1. e4 e5 2. Nf3 Nc6 3. Bb5 a6 4. Ba4 Nf6 5. O-O Be7 6. Re1 b5 7. Bb3 O-O 8. a4 b4 9. a5 d5 10. exd5 Nxd5 11. Nxe5 Nxe5 12. Rxe5 c6 13. d4 Bd6 14. Re1 Qh4 15. g3 Qh3 16. Be3 Bg4 17. Qd3 Rae8 18. Nd2 f5 19. f4 Kh8 20. Bxd5 cxd5 21. Qxa6 Rxe3 22. Rxe3 Bxf4 23. Rae1 Bxe3+ 24. Rxe3 f4 25. Qd6 Rc8 26. Qxf4 h5 27. c3 bxc3 28. bxc3 Bf5 29. Re5 Rxc3 30. Qxf5 Rc1+ 31. Nf1 Qxf5 32. Rxf5 1-0

[Event "January 2 Early 2024"]
[Site "https://www.chess.com"]
[Date "2024.01.02"]
[Round "8"]
[White "Bogumil, Tatiana"]
[Black "Hartikainen, Jarmo"]
[Result "0-1"]
[Board "179"]
[TimeControl "180+1"]
[WhiteFideId "4110579"]
[BlackFideId "503134"]
[WhiteElo "2011"]
[BlackElo "2146"]
[WhiteTeam "RUS"]
[BlackTeam "FIN"]
[WhiteClock "0:00:00"]
[BlackClock "0:00:05"]

1. Nf3 Nf6 2. c4 c5 3. b3 b6 4. g3 Bb7 5. Bg2 g6 6. Bb2 Bg7 7. O-O O-O 8. d4 cxd4 9. Qxd4 Nc6 10. Qd1 d5 11. cxd5 Qxd5 12. Nc3 Qxd1 13. Rfxd1 Rad8 14. Nb5 Nd5 15. Bxg7 Kxg7 16. Rac1 a6 17. Nbd4 Ndb4 18. a3 Nxd4 19. Nxd4 Bxg2 20. Kxg2 e5 21. Nf3 Rxd1 22. Rxd1 Nc6 23. Rd6 Rc8 24. b4 Rc7 25. g4 Kf8 26. g5 Ke7 27. Rd2 Rd7 28. Rc2 Rd6 29. e3 Ke6 30. h4 b5 31. Kg3 Kd7 32. Nd2 Ne7 33. Ne4 Rc6 34. Nc5+ Ke8 35. Rd2 a5 0-1

[Event "January 2 Early 2024"]
[Site "https://www.chess.com"]
[Date "2024.01.02"]
[Round "8"]
[White "Espinoza Villanueva, Rodrigo"]
[Black "Tilahun , Abel Mathewos"]
[Result "1-0"]
[Board "180"]
[TimeControl "180+1"]
[WhiteFideId "5140188"]
[BlackFideId "15702391"]
[WhiteElo "2643"]
[BlackElo "2067"]
[WhiteTeam "MEX"]
[BlackTeam "ETH"]
[WhiteClock "0:01:05"]
[BlackClock "0:00:03"]

1. e4 e6 2. d4 d5 3. Nd2 Nc6 4. c3 e5 5. exd5 Qxd5 6. Ngf3 exd4 7. Bc4 Qh5 8. cxd4 Bg4 9. Qb3 O-O-O 10. Bxf7 g6 11. O-O Nh6 12. Be6+ Kb8 13. d5 Ne5 14. Nxe5 Qxe5 15. Nc4 Qh5 16. Bxh6 Bxh6 17. Na5 b6 18. Nc6+ Kb7 19. Nxd8+ Rxd8 20. Qa4 Bf5 21. Rac1 Bxc1 22. Rxc1 Kb8 23. Qc6 Qe2 24. Qxc7+ Ka8 25. Qxd8+ Kb7 26. Qc8# 1-0

[Event "January 2 Early 2024"]
[Site "https://www.chess.com"]
[Date "2024.01.02"]
[Round "8"]
[White "Mezhlumyan, Vahram"]
[Black "Floresvillar Gonzalez, Luis Migu"]
[Result "1-0"]
[Board "181"]
[TimeControl "180+1"]
[WhiteFideId "13302183"]
[BlackFideId "5100542"]
[WhiteElo "2620"]
[BlackElo "2173"]
[WhiteTeam "ARM"]
[BlackTeam "MEX"]
[WhiteClock "0:02:11"]
[BlackClock "0:00:39"]

1. d4 d5 2. c4 c6 3. cxd5 cxd5 4. Nc3 Nf6 5. Bf4 e6 6. e3 Bd6 7. Bg3 O-O 8. Nf3 b6 9. Rc1 Ba6 10. Bxa6 Nxa6 11. O-O Nc7 12. Ne5 Bxe5 13. Bxe5 Nce8 14. Nb5 a6 15. Nc7 Ra7 16. Qc2 b5 17. Qc5 Rb7 18. Nxa6 Nd7 19. Qb4 Nxe5 20. dxe5 Qb6 21. Nc5 Ra7 22. a4 Nc7 23. Nd7 Na6 24. Qxf8# 1-0

[Event "January 2 Early 2024"]
[Site "https://www.chess.com"]
[Date "2024.01.02"]
[Round "8"]
[White "Guzman Lozano, Campo Elias"]
[Black "Musalov, Ruslan"]
[Result "0-1"]
[Board "182"]
[TimeControl "180+1"]
[WhiteFideId "4403746"]
[BlackFideId "4141490"]
[WhiteElo "2168"]
[BlackElo "2418"]
[WhiteTeam "COL"]
[BlackTeam "RUS"]
[WhiteClock "0:02:10"]
[BlackClock "0:02:51"]

1. Nf3 Nf6 2. b3 g6 3. Bb2 Bg7 4. c4 O-O 5. g3 d5 6. cxd5 Nxd5 7. Bxg7 Kxg7 8. Nc3 c5 9. Bg2 Nc6 10. Ng5 Nxc3 11. dxc3 Bf5 12. e4 Bd7 13. Qe2 e5 14. O-O Qxg5 15. Qb5 b6 16. Rad1 Qe7 17. Qe2 Rad8 18. Rd2 Be6 19. Rfd1 Rxd2 20. Rxd2 Rd8 21. Rxd8 Qxd8 22. h4 h5 23. Bf3 c4 24. b4 Qd3 25. Qxd3 cxd3 26. Kf1 Bxa2 0-1

[Event "January 2 Early 2024"]
[Site "https://www.chess.com"]
[Date "2024.01.02"]
[Round "8"]
[White "Mende, Andreas"]
[Black "Khromkin, Andrey"]
[Result "0-1"]
[Board "183"]
[TimeControl "180+1"]
[WhiteFideId "4631102"]
[BlackFideId "4154126"]
[WhiteElo "2147"]
[BlackElo "2381"]
[WhiteTeam "GER"]
[BlackTeam "RUS"]
[WhiteClock "0:00:06"]
[BlackClock "0:01:07"]

1. c4 c5 2. g3 Nc6 3. Bg2 g6 4. Nf3 Bg7 5. Nc3 a6 6. O-O Rb8 7. a4 d6 8. h3 h5 9. e3 Nh6 10. d4 cxd4 11. exd4 Nf5 12. d5 Ne5 13. Qe2 Nxf3+ 14. Qxf3 O-O 15. Bd2 Qc7 16. b3 Nd4 17. Qd1 Bd7 18. Ra2 b5 19. axb5 axb5 20. cxb5 Nxb5 21. Nxb5 Bxb5 22. Re1 Rfc8 23. Ba5 Qd7 24. Qd2 Rc5 25. Bb4 Rc7 26. Qe3 Rcb7 27. Ba5 Rc7 28. b4 Rcb7 29. Rd2 Rc8 30. Qf4 Rc4 31. Qe3 Rb8 32. Qa3 Rbc8 33. Qb2 Bxb2 0-1

[Event "January 2 Early 2024"]
[Site "https://www.chess.com"]
[Date "2024.01.02"]
[Round "8"]
[White "Crocker, Philip J"]
[Black "Agrest, Inna"]
[Result "0-1"]
[Board "185"]
[TimeControl "180+1"]
[WhiteFideId "403180"]
[BlackFideId "1708830"]
[WhiteElo "2070"]
[BlackElo "2361"]
[WhiteTeam "ENG"]
[BlackTeam "SWE"]
[WhiteClock "0:00:00"]
[BlackClock "0:00:10"]

1. e4 e5 2. Nf3 Nc6 3. Bb5 a6 4. Ba4 Nf6 5. O-O b5 6. Bb3 Bc5 7. c3 d6 8. d4 Bb6 9. h3 O-O 10. Bg5 h6 11. Bh4 Bb7 12. d5 Nb8 13. Nbd2 Nbd7 14. a4 Nc5 15. Bc2 bxa4 16. Bxa4 Nxa4 17. Rxa4 Bc8 18. Bxf6 Qxf6 19. Qe2 a5 20. Rfa1 Bd7 21. R4a2 a4 22. b3 Ra7 23. bxa4 Rfa8 24. Qd1 g5 25. Nh2 Bxf2+ 26. Kh1 Bb6 27. Nc4 Bc5 28. a5 Qg6 29. Nd2 f5 30. exf5 Bxf5 31. Ng4 h5 32. Nh2 g4 33. hxg4 hxg4 34. Ndf1 g3 35. Nxg3 Qxg3 36. Qh5 Qg6 37. Qh4 Kf7 38. Rf1 Ke8 39. Qh8+ Kd7 40. Qh4 Rxa5 41. Rxa5 Rxa5 42. Nf3 Be4 43. Qh8 Bxf3 44. gxf3 Ra2 45. Qh3+ Kd8 46. Qh8+ Ke7 47. Qh3 Kf7 0-1

[Event "January 2 Early 2024"]
[Site "https://www.chess.com"]
[Date "2024.01.02"]
[Round "8"]
[White "Li, Eric"]
[Black "Brandao, Marcius Gomes"]
[Result "0-1"]
[Board "186"]
[TimeControl "180+1"]
[WhiteFideId "30939941"]
[BlackFideId "2124980"]
[WhiteElo "2346"]
[BlackElo "2058"]
[WhiteTeam "USA"]
[BlackTeam "BRA"]
[WhiteClock "0:00:00"]
[BlackClock "0:01:04"]

1. d4 d5 2. c4 e6 3. Nc3 a6 4. Nf3 Nf6 5. Bg5 dxc4 6. e4 b5 7. e5 h6 8. Bh4 g5 9. Nxg5 hxg5 10. Bxg5 Nbd7 11. exf6 Bb7 12. h4 Bh6 13. Rh3 Nxf6 14. Qd2 Bxg5 15. hxg5 Rxh3 16. gxh3 b4 17. gxf6 bxc3 18. Qxc3 Qxf6 19. Bxc4 O-O-O 20. O-O-O Qf4+ 21. Qe3 Qxe3+ 22. fxe3 Rh8 23. Rf1 Rxh3 24. Rxf7 Rxe3 25. Re7 Kd8 26. Rxe6 Rxe6 27. Bxe6 Ke7 0-1

[Event "January 2 Early 2024"]
[Site "https://www.chess.com"]
[Date "2024.01.02"]
[Round "8"]
[White "Mesa Cruz, Juan Carlos"]
[Black "Smirnov, Timofey"]
[Result "1-0"]
[Board "187"]
[TimeControl "180+1"]
[WhiteFideId "6423400"]
[BlackFideId "24176427"]
[WhiteElo "2296"]
[BlackElo "1983"]
[WhiteTeam "DOM"]
[BlackTeam "RUS"]
[WhiteClock "0:00:11"]
[BlackClock "0:00:00"]

1. e4 e5 2. Nf3 Nf6 3. Bc4 Nxe4 4. Nc3 Nxc3 5. dxc3 f6 6. O-O d6 7. Nh4 Qe7 8. Qh5+ Kd8 9. f4 Be6 10. Bd3 Qe8 11. Bg6 Qd7 12. fxe5 dxe5 13. Be4 c6 14. Ng6 Qe8 15. Qd1+ Kc8 16. Nxh8 Bc5+ 17. Kh1 Qxh8 18. b4 Bb6 19. Qd6 Qe8 20. Bxh7 Nd7 21. a4 Bc7 22. Qd3 Qh8 23. a5 Bg8 24. Bxg8 e4 25. Qh3 Qxg8 26. Bf4 Bxf4 27. Rxf4 Qf7 28. Re1 1-0

[Event "January 2 Early 2024"]
[Site "https://www.chess.com"]
[Date "2024.01.02"]
[Round "8"]
[White "Alonso Garcia, Rene Marcial"]
[Black "Murthy, Pappu"]
[Result "1-0"]
[Board "188"]
[TimeControl "180+1"]
[WhiteFideId "3500276"]
[BlackFideId "2013401"]
[WhiteElo "2262"]
[BlackElo "1981"]
[WhiteTeam "FID"]
[BlackTeam "USA"]
[WhiteClock "0:00:55"]
[BlackClock "0:00:00"]

1. d4 Nf6 2. c4 e6 3. Nf3 d5 4. e3 Be7 5. b3 O-O 6. Bd3 dxc4 7. bxc4 c5 8. O-O cxd4 9. exd4 b6 10. Bb2 Bb7 11. Re1 Nc6 12. Nbd2 Re8 13. Rc1 Nb4 14. Bb1 Rc8 15. Ne5 Nd7 16. Bxh7+ Kxh7 17. Qh5+ Kg8 18. Qxf7+ Kh7 19. Nxd7 Qxd7 20. Re5 1-0

[Event "January 2 Early 2024"]
[Site "https://www.chess.com"]
[Date "2024.01.02"]
[Round "8"]
[White "Gutierrez Carmona, Juan Alejandro"]
[Black "Thake, Conrad"]
[Result "1-0"]
[Board "189"]
[TimeControl "180+1"]
[WhiteFideId "5106770"]
[BlackFideId "5602947"]
[WhiteElo "2201"]
[BlackElo "1887"]
[WhiteTeam "MEX"]
[BlackTeam "MLT"]
[WhiteClock "0:00:25"]
[BlackClock "0:00:00"]

1. e4 e6 2. Qe2 c5 3. Nf3 Nc6 4. g3 Nd4 5. Nxd4 cxd4 6. Bg2 e5 7. c4 Nf6 8. O-O Be7 9. d3 d6 10. h3 O-O 11. f4 Bd7 12. f5 Ne8 13. g4 Bg5 14. Nd2 Be3+ 15. Kh1 b5 16. b3 Rc8 17. Nf3 Bxc1 18. Raxc1 bxc4 19. bxc4 f6 20. h4 g6 21. fxg6 Bxg4 22. gxh7+ Kh8 23. Rg1 Qd7 24. Bf1 Ng7 25. Qg2 f5 26. Ng5 Rf6 27. exf5 Bxf5 28. Qd5 Be6 29. Nxe6 Nxe6 30. Bh3 Kxh7 31. Rcf1 Rxf1 32. Rxf1 Re8 33. Rf6 Nf4 34. Qe4+ 1-0

[Event "January 2 Early 2024"]
[Site "https://www.chess.com"]
[Date "2024.01.02"]
[Round "8"]
[White "Vargas, Mauricio"]
[Black "Franchini, Gabriele"]
[Result "0-1"]
[Board "190"]
[TimeControl "180+1"]
[WhiteFideId "4404572"]
[BlackFideId "806790"]
[WhiteElo "1854"]
[BlackElo "2198"]
[WhiteTeam "COL"]
[BlackTeam "ITA"]
[WhiteClock "0:00:00"]
[BlackClock "0:00:20"]

1. e4 e6 2. f4 d5 3. e5 c5 4. Nf3 Nc6 5. g4 d4 6. Bg2 f6 7. O-O fxe5 8. fxe5 Be7 9. d3 Bd7 10. Nbd2 Qc7 11. Nc4 O-O-O 12. Qe1 Nh6 13. h3 Rdf8 14. a3 Nf7 15. Bf4 g5 16. Bh2 h5 17. Ncd2 hxg4 18. hxg4 Rh6 19. Qg3 Rfh8 20. Rae1 Qd8 21. Nc4 R8h7 22. Re2 Qh8 23. c3 Bd8 24. cxd4 Nxd4 25. Ref2 Bc6 26. b4 Bxf3 27. Bxf3 Bc7 28. Be4 Rh3 29. Bxh7 Rxg3+ 30. Bxg3 Qxh7 31. Rxf7 Qxd3 32. Nd6+ Bxd6 33. Rf8+ Bxf8 34. Rxf8+ Kd7 35. Kg2 Qe4+ 36. Kh3 Qh1+ 37. Bh2 Ne2 38. Rf7+ Kc6 0-1

[Event "January 2 Early 2024"]
[Site "https://www.chess.com"]
[Date "2024.01.02"]
[Round "8"]
[White "Gottstein, Claudius-Thomas"]
[Black "Gulamirian, Korun"]
[Result "1-0"]
[Board "191"]
[TimeControl "180+1"]
[WhiteFideId "4653327"]
[BlackFideId "4144899"]
[WhiteElo "2186"]
[BlackElo "1573"]
[WhiteTeam "GER"]
[BlackTeam "RUS"]
[WhiteClock "0:00:59"]
[BlackClock "0:00:00"]

1. Nf3 Nf6 2. c4 g6 3. Nc3 Bg7 4. g3 O-O 5. Bg2 c6 6. O-O e6 7. b3 d5 8. Bb2 d4 9. Nb1 c5 10. e3 Nc6 11. a3 Ng4 12. h3 Nxf2 13. Rxf2 dxe3 14. Bxg7 exf2+ 15. Kxf2 Kxg7 16. Nc3 Nd4 17. Kg1 Nxf3+ 18. Qxf3 Qd4+ 19. Kh2 Qxd2 20. Rd1 Qb2 21. Nb5 a6 22. Nd6 Rb8 23. a4 b5 24. axb5 axb5 25. Nxb5 Bb7 26. Qf1 Bxg2 27. Qxg2 Qxb3 28. Qe2 Kg8 29. Nd6 Rbd8 30. Rd2 Qc3 31. Rd3 Qf6 32. Ne4 Qe7 33. Rf3 Rd4 34. Nf6+ 1-0

[Event "January 2 Early 2024"]
[Site "https://www.chess.com"]
[Date "2024.01.02"]
[Round "8"]
[White "Babayeva, Nasrin"]
[Black "Refrigerator1955"]
[Result "0-1"]
[Board "192"]
[TimeControl "180+1"]
[WhiteFideId "13416626"]
[WhiteElo "1801"]
[BlackElo "2012"]
[WhiteTeam "AZE"]
[WhiteClock "0:01:16"]
[BlackClock "0:02:06"]

1. c4 c6 2. g3 d5 3. Bg2 Nf6 4. Nf3 g6 5. b3 Bg7 6. Bb2 O-O 7. O-O Nbd7 8. Qc2 Re8 9. d4 Ne4 10. Nc3 Ndf6 11. Ne5 Bf5 12. f3 Nxg3 0-1

[Event "January 2 Early 2024"]
[Site "https://www.chess.com"]
[Date "2024.01.02"]
[Round "8"]
[White "neri_gaite"]
[Black "Mendez Fortes, Eduardo Jesus"]
[Result "0-1"]
[Board "193"]
[TimeControl "180+1"]
[BlackFideId "3502376"]
[WhiteElo "2011"]
[BlackElo "2566"]
[BlackTeam "CUB"]
[WhiteClock "0:00:08"]
[BlackClock "0:01:34"]

1. d4 Nf6 2. c4 e6 3. Nf3 d5 4. Nc3 Bb4 5. Bg5 dxc4 6. e3 b5 7. Ne5 h6 8. Qf3 c6 9. Nxc6 Nxc6 10. Qxc6+ Bd7 11. Bxf6 gxf6 12. Qf3 Rc8 13. a3 Bc6 14. Qd1 Ba5 15. Be2 Bxg2 16. Rg1 Bc6 17. Bh5 Qd6 18. Rg7 Rf8 19. Qg4 Ke7 20. O-O-O Bxc3 21. bxc3 Qxa3+ 22. Kd2 Qb2+ 23. Ke1 Qxc3+ 24. Kf1 Qc2 25. Rh7 Be4 26. Rg7 b4 27. Ra1 Rc7 28. Qf4 Rd7 29. Qxh6 b3 30. Re1 b2 31. f3 Bd3+ 32. Kg1 Qd2 33. Rxf7+ Rxf7 0-1

[Event "January 2 Early 2024"]
[Site "https://www.chess.com"]
[Date "2024.01.02"]
[Round "8"]
[White "Diaz Herquinio, Brahian"]
[Black "Fernandez Mayola, Reynold Rafael"]
[Result "1-0"]
[Board "194"]
[TimeControl "180+1"]
[WhiteFideId "3809480"]
[BlackFideId "3506100"]
[WhiteElo "2393"]
[BlackElo "2314"]
[WhiteTeam "PER"]
[BlackTeam "CUB"]
[WhiteClock "0:00:33"]
[BlackClock "0:00:14"]

1. e4 c5 2. f3 d5 3. exd5 Qxd5 4. Nc3 Qd8 5. Bb5+ Bd7 6. Bxd7+ Qxd7 7. Nge2 Nc6 8. O-O g6 9. d3 Bg7 10. Re1 Nf6 11. Be3 Nd4 12. Bf2 O-O 13. Nxd4 cxd4 14. Ne4 Nd5 15. a3 h6 16. Qd2 Rac8 17. b4 b6 18. a4 f5 19. Ng3 Rc7 20. Ne2 e5 21. a5 f4 22. axb6 axb6 23. Rec1 Rfc8 24. Ra3 Bf8 25. Rb3 Qb5 26. c4 dxc3 27. Nxc3 Nxc3 28. Rbxc3 Rxc3 29. Rxc3 Rxc3 30. Qxc3 Qxb4 31. Qxb4 Bxb4 32. Bxb6 Kf7 33. Kf2 Ke6 34. d4 Kd5 35. dxe5 Kxe5 36. Bc7+ Kf5 37. Ke2 Bc5 38. Kd3 g5 39. Kc4 Bg1 40. h3 h5 41. Kd5 g4 42. hxg4+ hxg4 43. Bb8 Be3 44. Be5 gxf3 45. gxf3 Bf2 46. Bd4 Bg3 47. Bc3 Bf2 48. Bd2 Bg3 49. Bc3 Bh2 50. Bd4 Bg3 51. Bg1 Bh2 52. Bxh2 Kg5 53. Ke5 1-0

[Event "January 2 Early 2024"]
[Site "https://www.chess.com"]
[Date "2024.01.02"]
[Round "8"]
[White "Petersson, Kjell"]
[Black "Pein, Jonathan"]
[Result "0-1"]
[Board "195"]
[TimeControl "180+1"]
[WhiteFideId "1705148"]
[BlackFideId "417092"]
[WhiteElo "2139"]
[BlackElo "2360"]
[WhiteTeam "SWE"]
[BlackTeam "ENG"]
[WhiteClock "0:01:44"]
[BlackClock "0:00:35"]

1. d4 d5 2. Bf4 Bf5 3. e3 c6 4. Bd3 Bg6 5. h4 Nf6 6. h5 Bxd3 7. Qxd3 h6 8. Nf3 e6 9. Ne5 Nbd7 10. Nd2 Nxe5 11. Bxe5 Bd6 12. Nf3 a6 13. Rg1 Bxe5 14. Nxe5 Nd7 15. O-O-O Nxe5 16. dxe5 Qg5 17. f4 Qxh5 18. g4 Qh4 19. f5 O-O-O 20. Qd4 Kb8 21. Rd3 Qf2 22. Rgd1 exf5 23. Rb3 f4 24. Qb6 Rd7 25. Qxc6 Rc7 26. Qxa6 Qxc2# 0-1

[Event "January 2 Early 2024"]
[Site "https://www.chess.com"]
[Date "2024.01.02"]
[Round "8"]
[White "Todev, Simeon"]
[Black "Viana, Valeria"]
[Result "1-0"]
[Board "196"]
[TimeControl "180+1"]
[WhiteFideId "2925133"]
[BlackFideId "8407100"]
[WhiteElo "2355"]
[BlackElo "2120"]
[WhiteTeam "BUL"]
[BlackTeam "HON"]
[WhiteClock "0:00:24"]
[BlackClock "0:00:00"]

1. e4 c6 2. d4 d5 3. Nc3 dxe4 4. Nxe4 Bf5 5. Ng3 Bg6 6. h4 h6 7. Nf3 Nd7 8. Bc4 e6 9. h5 Bh7 10. O-O Ngf6 11. Re1 Be7 12. Be3 O-O 13. Qd2 Nb6 14. Bb3 Ng4 15. c3 Nxe3 16. Qxe3 Nd5 17. Qd2 Rc8 18. Rad1 Nf6 19. Ne5 Qb6 20. Qf4 Nd5 21. Bxd5 cxd5 22. Nd7 Bd6 23. Qg4 Qc7 24. Nxf8 Rxf8 25. Re3 e5 26. dxe5 Bxe5 27. Rxd5 Bf4 28. Rf3 Bg5 29. Ne4 Bxe4 30. Qxe4 Bf6 31. Rdf5 Qb6 32. Qg4 Kh8 33. Qf4 Kh7 34. Rg3 Bg5 35. Qe4 Kg8 36. Kh1 Rd8 37. Rd3 Rf8 38. Qd5 Qxb2 39. Rdf3 Qc1+ 40. Kh2 Qxc3 41. Rxc3 1-0

[Event "January 2 Early 2024"]
[Site "https://www.chess.com"]
[Date "2024.01.02"]
[Round "8"]
[White "Gaboyan, Susanna"]
[Black "Zepeda Berlanga, Jan Enrique"]
[Result "1-0"]
[Board "197"]
[TimeControl "180+1"]
[WhiteFideId "13303627"]
[BlackFideId "5132355"]
[WhiteElo "2321"]
[BlackElo "1952"]
[WhiteTeam "ARM"]
[BlackTeam "MEX"]
[WhiteClock "0:00:19"]
[BlackClock "0:00:00"]

1. e4 c5 2. Nc3 d6 3. g3 Nf6 4. Bg2 g6 5. Nge2 Bg7 6. O-O O-O 7. d3 Nc6 8. f4 e6 9. Be3 a6 10. Qd2 b5 11. f5 d5 12. exd5 exd5 13. fxg6 hxg6 14. Rxf6 Bxf6 15. Bxc5 Be7 16. Bxe7 Nxe7 17. Qg5 Bb7 18. Nf4 f6 19. Qg4 Qb6+ 20. Kh1 f5 21. Qg5 Rae8 22. Re1 Qd6 23. Re6 Nc6 24. Rxd6 Re1+ 25. Bf1 1-0